 Dungeon Crawl Stone Soup version 0.29.0-10-g45618ea6d2 (webtiles) character file.

Game seed: 17677898576145222977

68 Kahsius the Insei (level 4, -6/36 HPs)
             Began as a Draconian Transmuter on Sept 1, 2022.
             Mangled by Grinder (9 damage)
             ... on level 3 of the Dungeon.
             The game lasted 00:07:04 (2451 turns).

Kahsius the Insei (Draconian Transmuter)            Turns: 2451, Time: 00:07:05

Health: -6/36      AC:  6    Str: 12    XL:     4   Next: 1%
Magic:  7/7        EV: 12    Int: 14    God:
Gold:   175        SH:  0    Dex: 13    Spells: 6/7 levels left

rFire   . . .      SeeInvis .     - Unarmed
rCold   . . .      Faith    .   (no shield)
rNeg    . . .      Spirit   .   (body armour unavailable)
rPois   .          Reflect  .   (helmet currently unavailable)
rElec   .          Harm     .   (no cloak)
rCorr   .          Rampage  .   d - +0 pair of gloves
Will    .....                   (boots currently unavailable)
Stlth   +.........              (no amulet)
HPRegen 0.12/turn               (no ring)
MPRegen 0.10/turn               (no ring)

@: mighty, appendages (expiring)
A: horns 2, talons 2, AC +5, unfitting armour, cold-blooded
a: End Transformation


You were on level 3 of the Dungeon.
You had temporarily grown beastly horns and talons.
You visited 1 branch of the dungeon, and saw 3 of its levels.

You collected 175 gold pieces.

Inventory:

Armour
 d - a +0 pair of gloves (worn)
Scrolls
 b - 2 scrolls of identify {unknown}
 c - a scroll of fog
 e - a scroll of torment {unknown}
 g - a scroll of brand weapon {unknown}
Potions
 a - 2 potions of lignification
 f - a potion of curing {unknown}
 h - a potion of brilliance {unknown}
 i - a potion of haste {unknown}
 j - a potion of flight {unknown}
 k - a potion of might


   Skills:
 + Level 2.2 Fighting
 - Level 1.7 Dodging
 + Level 3.4 Unarmed Combat
 + Level 2.4 Spellcasting
 * Level 3.0 Transmutations


You had 6 spell levels left.
You knew the following spells:

 Your Spells              Type           Power      Damage    Failure   Level
a - Beastly Appendage     Tmut           20%        N/A       6%          1

Your spell library contained the following spells:

 Spells                   Type           Power      Damage    Failure   Level
 Wereblood                Tmut           10%        N/A       10%         2
 Spider Form              Tmut/Pois      6%         N/A       36%         3
 Ice Form                 Ice/Tmut       6%         N/A       77%         4


Dungeon Overview and Level Annotations

Branches:
Dungeon (3/15)

Altars:

Annotations:
D:3 1 runed translucent door, Crazy Yiuf, Grinder


Innate Abilities, Weirdness & Mutations

You have temporarily grown beastly horns and talons.
Your plain brown scales are hard. (AC +5)
You cannot fit into any form of body armour.
You are cold-blooded and may be slowed by cold attacks.


Message History

You barely resist.
Grinder is nearby!
You grow a pair of large bovine horns.
Your feet morph into talons.
Grinder blinks!
Grinder hits you but does no damage.
You hit Grinder. You claw Grinder, but do no damage.
Grinder is moderately wounded.
You hit Grinder. You claw Grinder. Your headbutt misses Grinder.
Grinder is heavily wounded.
Grinder closely misses you.
You closely miss Grinder.
Grinder is heavily wounded.
Grinder gestures at you.
You barely resist. You hit Grinder but do no damage. Your kick misses Grinder.
You tail-slap Grinder, but do no damage.
Grinder is heavily wounded.
Grinder closely misses you.
You hit Grinder but do no damage. Your kick misses Grinder.
Your headbutt misses Grinder.
Grinder is heavily wounded.
Grinder hits you!
You writhe in agony.
You barely miss Grinder. Your kick misses Grinder.
Your headbutt misses Grinder.
Grinder is heavily wounded.
Grinder hits you.
You writhe in agony.
It was a potion of might.
You feel very mighty all of a sudden. Grinder closely misses you.
You hit Grinder. Your headbutt misses Grinder.
Your tail-slap misses Grinder.
Grinder is heavily wounded.
Your transformation is almost over.
Grinder hits you.
* * * LOW HITPOINT WARNING * * *
You writhe in agony.
* * * LOW HITPOINT WARNING * * *
You punch Grinder! You tail-slap Grinder!
Grinder is almost dead.
Grinder hits you!
You die...

#.##.##.# #.#.....#
#.#.#.### #......#
###.##############
#....)............
####.#.#####.....#..
#...5......#.###.#.#
#.##@.....##.# #.#.##
###....#####.###.....
#'..+# #...####...
♣§§P.♣ #........#.
♣§P§♣♣ #...##.#...
♣♣§♣♣ #.[†##.#.##
♣.♣♣ #...##.#.# ♣♣.♣
#(..##.#.# ♣.♣♣
#...##.#.#


You could see Grinder.

Vanquished Creatures
  An adder (D:2)
  2 worms
  A dart slug (D:1)
  2 endoplasms
  2 giant cockroaches (D:1)
  A hobgoblin (D:2)
  5 jackals
  4 kobolds (D:1)
  2 quokkas
  8 ball pythons (D:1)
  5 bats
  5 frilled lizards (D:1)
  7 goblins
  4 rats
49 creatures vanquished.

Notes
Turn   | Place    | Note
-------+----------+-------------------------------------------
     0 | D:1      | Kahsius the Draconian Transmuter began the quest for the
                  | Orb.
     0 | D:1      | Reached XP level 1. HP: 16/16 MP: 3/3
   197 | D:1      | Reached XP level 2. HP: 15/23 MP: 3/5
   564 | D:1      | Found a faded altar of an unknown god.
   677 | D:1      | Reached XP level 3. HP: 29/29 MP: 6/6
  2337 | D:3      | Reached XP level 4. HP: 36/36 MP: 7/7
  2374 | D:3      | Noticed Grinder
  2400 | D:3      | Found a runed translucent door.
  2401 | D:3      | Noticed Crazy Yiuf
  2414 | D:3      | Paralysed by Grinder for 3 turns
  2451 | D:3      | Mangled by Grinder

Illustrated notes

Levels and vault maps discovered:
D:1:      scummos_arrival_hexagon, layout_basic,
          hellmonk_ecumenical_altar_dog_temple, lemuel_old_faithful
D:2:      layout_loops_ring
D:3:      layout_basic, serial_shops, shop, columned_hall_lemuel,
          uniq_crazy_yiuf_cottage, uniq_grinder

Skill      XL: |  1  2  3 |
---------------+----------+-----
Fighting       | 2 |  2.2
Transmutations | 3 |  3.0
Dodging        | |  1.7
Unarmed Combat | |  3.4
Spellcasting   | |  2.4

Action                   |  1- 3 |  4- 6 || total
-------------------------+-------+-------++-------
Melee: Unarmed           |   117 |    19 ||   136
       Headbutt          |    16 |     1 ||    17
       Kick              |    22 |     6 ||    28
       Tailslap          |     7 |     3 ||    10
       Punch             |     3 |       ||     3
 Cast: Beastly Appendage |    30 |     3 ||    33
  Use: Scroll            |       |     1 ||     1
       Potion            |       |     1 ||     1
 Stab: Sleeping          |     2 |       ||     2
Armor: Skin              |    45 |     5 ||    50
Dodge: Dodged            |    80 |     7 ||    87
